 Dungeon Crawl Stone Soup version 0.30.1-11-g7821555f0a (webtiles) character file.

Game seed: 16728010975468670242

81 comborobin the Chopper (level 4, -7/39 HPs)
             Began as a Hill Orc Delver on Nov 19, 2023.
             Mangled by Grinder (9 damage)
             ... while paralysed by Grinder
             ... on level 5 of the Dungeon.
             The game lasted 00:00:31 (228 turns).

comborobin the Chopper (Hill Orc Delver)             Turns: 228, Time: 00:00:32

Health: -7/39      AC:  3    Str: 14    XL:     4   Next: 40%
Magic:  4/4        EV:  2    Int: 10    God:
Gold:   0          SH:  0    Dex: 14    Spells: 3/3 levels left

rFire   . . .        a - +0 hand axe
rCold   . . .        (no shield)
rNeg    . . .        b - +0 leather armour
rPois   .            (no helmet)
rElec   .            (no cloak)
rCorr   .            (no gloves)
SInv    .            (no boots)
Will    .....        (no amulet)
Stlth   ++           (no ring)
HPRegen 0.26/turn    (no ring)
MPRegen 0.09/turn

%: no passive effects
@: paralysed, hasted
A: no striking features
a: no special abilities


You were on level 5 of the Dungeon.
You visited 1 branch of the dungeon, and saw 2 of its levels.

Inventory:

Hand Weapons
 a - a +0 hand axe (weapon)
 h - a +0 mace of protection
Armour
 b - a +0 leather armour (worn)
Wands
 g - a wand of digging (1)
Scrolls
 c - a scroll of fog
 d - a scroll of magic mapping
 e - a scroll of fear


   Skills:
 - Level 3.6 Fighting
 + Level 6.0 Axes
 - Level 1.5 Dodging
 - Level 4.1 Stealth


You had 3 spell levels left.
You didn't know any spells.
Your spell library was empty.

Dungeon Overview and Level Annotations

Branches:
Dungeon (6/15)
 Temple: D:4-7

Altars:

Annotations:
D:5 Grinder


Message History

Grinder is moderately wounded.
You hit Grinder.
Grinder is moderately wounded.
Grinder gestures at you. Pain shoots through your body!
Unknown command.
You hit Grinder.
Grinder is moderately wounded.
Grinder hits you!
You writhe in agony.
* * * LOW HITPOINT WARNING * * *
Unknown command.
You hit Grinder but do no damage.
Grinder is moderately wounded.
You hit Grinder but do no damage.
Grinder is moderately wounded.
Grinder blinks!
You start resting.
Grinder is nearby!
You slash Grinder!
Grinder is heavily wounded.
You closely miss Grinder.
Grinder is heavily wounded.
Grinder hits you.
* * * LOW HITPOINT WARNING * * *
You writhe in agony.
* * * LOW HITPOINT WARNING * * *
You hit Grinder.
Grinder is heavily wounded.
Grinder closely misses you.
You hit Grinder.
Grinder is heavily wounded.
You barely miss Grinder.
Grinder is heavily wounded.
Grinder closely misses you.
You hit Grinder.
Grinder is severely wounded.
Grinder gestures at you.
You suddenly lose the ability to move!
Grinder hits you!
You die...

..........# ##........###
..........###............
...........##.....<......
.........................
.........##..............
.......5####.............
.........###.............
......###5##..)).........
....## #@#.##............
..## #.###.##...........
# #.# #.#........... #.#
#.#.......... #.#
#.#......... #.#
###........ #.# #.......
## .. ##


You could see Grinder.

Vanquished Creatures
  A phantom (D:5)
  3 orcs (D:5)
4 creatures vanquished.

Notes
Turn   | Place    | Note
-------+----------+-------------------------------------------
     0 | D:5      | comborobin the Hill Orc Delver began the quest for the Orb.
     0 | D:5      | Reached XP level 1. HP: 19/19 MP: 1/1
    30 | D:5      | Noticed a phantom
    56 | D:5      | Killed a phantom
    57 | D:5      | Reached skill level 5 in Axes
    57 | D:5      | Reached XP level 2. HP: 26/26 MP: 2/2
    57 | D:5      | Reached XP level 3. HP: 31/31 MP: 3/3
    57 | D:5      | Reached XP level 4. HP: 39/39 MP: 4/4
   106 | D:5      | Reached skill level 6 in Axes
   195 | D:5      | Noticed Grinder
   223 | D:5      | HP: 1/39 [Grinder (2)]
   227 | D:5      | Paralysed by Grinder for 4 turns
   228 | D:5      | Mangled by Grinder

Illustrated notes

Levels and vault maps discovered:
D:5:      layout_cave_pods, uniq_grinder
D:6:      layout_loops_ring

Skill      XL: |  1  2  3  4 |
---------------+-------------+-----
Axes           | 5 6 |  6.0
Fighting       | |  3.6
Dodging        | |  1.5
Stealth        | |  4.1

Action                     |  1- 3 |  4- 6 || total
---------------------------+-------+-------++-------
  Melee: Unarmed           |    20 |       ||    20
         Hand axe          |       |    20 ||    20
  Evoke: Wand              |       |     2 ||     2
    Use: Potion            |     1 |     1 ||     2
 Armour: Skin              |    15 |       ||    15
         Leather armour    |       |     3 ||     3
  Dodge: Dodged            |     2 |     5 ||     7
